Map: Coda LE (Void)

Players

SuarezBitMe - Winner!

  • Race: Zerg Zerg

Bop

  • Race: Zerg Zerg

VOD

Have the link to the VOD?

Description

Time

  • Played on: May 6, 2015, 4:47 a.m.
  • Length: 21:40
Show
View Real Time Build Order
Export as new Build Order

SuarezBitMe Zerg - Winner!

Build Orders: Hatch First, Lurkers 

Get SALT Encoding   

  12  0:02  Drone  
  13  0:09  Drone  
  14  0:18  Overlord  
  14  0:28  Drone, Extractor  
  13  0:30  Extractor  
  13  0:31  Drone  
  16  0:38  Drone  
  17  0:56  Hatchery  
  16  1:09  Spawning Pool  
  15  1:12  Drone  
  15  1:17  Drone  
  17  1:23  Drone  
  18  1:26  Drone  
  19  1:35  Drone  
  20  1:46  Overlord  
  20  1:56  Drone  
  21  2:03  Queen  
  21  2:07  Drone  
  21  2:08  Queen  
  24  2:09  Zergling x2  
  27  2:20  Drone  
  27  2:21  Drone  
  29  2:28  Overlord  
  29  2:33  Drone  
  30  2:40  Drone, Queen  
  30  2:42  Drone  
  34  2:47  Queen  
  34  2:50  Drone  
  37  2:51  Drone, Extractor  
  37  2:52  Extractor  
  36  3:00  Drone  
  36  3:02  Spine Crawler  
  36  3:03  Drone  
  37  3:12  Drone x2  
  38  3:13  Drone x3  
  41  3:20  Drone x3  
  41  3:21  Overlord  
  44  3:36  Roach Warren  
  44  3:39  Evolution Chamber, Drone  
  44  3:40  Drone x2  
  45  3:45  Drone x2  
  47  3:51  Drone x2, Extractor x2  
  47  3:56  Drone x2  
  47  4:02  Drone  
  50  4:04  Drone  
  50  4:05  Zerg Missile Weapons Level 1  
  51  4:11  Drone  
  51  4:12  Overlord x2  
  51  4:15  Overlord  
  52  4:25  Overlord x2  
  52  4:34  Roach x5  
  64  4:45  Roach  
  64  4:46  Roach x3  
  64  4:47  Roach  
  72  4:55  Ravager x2  
  72  4:56  Roach  
  72  4:57  Ravager, Roach x2  
  72  4:58  Ravager  
  82  5:06  Roach x4  
  90  5:14  Overlord  
  92  5:21  Roach  
  92  5:25  Overlord x3  
  92  5:34  Roach x2  
  96  5:39  Roach  
  96  5:40  Roach  
  100  5:46  Ravager  
  100  5:47  Ravager x3  
  104  5:55  Overlord  
  104  5:56  Roach  
  99  6:11  Lair  
  92  6:21  Roach  
  92  6:22  Roach x3  
  100  6:30  Roach  
  100  6:31  Roach x4  
  99  6:45  Drone  
  100  6:50  Zerg Ground Armor Level 1  
  100  6:51  Drone  
  100  6:53  Evolution Chamber, Roach  
  102  6:54  Roach  
  102  6:59  Hatchery, Roach x2  
  107  7:16  Drone  
  107  7:18  Zerg Missile Weapons Level 2, Glial Reconstitution  
  107  7:19  Drone  
  107  7:27  Roach  
  107  7:28  Roach x7  
  115  7:30  Overseer  
  105  7:53  Roach  
  105  7:54  Roach x4  
  105  7:57  Overlord x4  
  110  8:14  Roach  
  110  8:16  Overseer  
  110  8:17  Overseer x2  
  106  8:21  Roach  
  106  8:22  Roach x4  
  112  8:51  Hatchery  
  109  9:00  Drone x2  
  111  9:03  Drone  
  111  9:09  Drone  
  114  9:10  Drone  
  114  9:11  Roach  
  114  9:12  Hatchery, Roach x7  
  114  9:14  Ravager x4  
  114  9:15  Ravager  
  134  9:35  Drone  
  134  9:36  Drone x5  
  140  9:42  Pneumatized Carapace  
  140  9:51  Ravager, Hydralisk Den  
  139  10:04  Hatchery  
  139  10:05  Lurker Den  
  139  10:06  Drone  
  140  10:07  Drone x4  
  140  10:11  Spine Crawler, Roach  
  140  10:12  Roach  
  140  10:14  Spine Crawler  
  145  10:17  Overlord x2  
  145  10:28  Zerg Ground Armor Level 2  
  141  10:29  Roach  
  141  10:30  Roach  
  143  10:47  Hydralisk  
  143  10:48  Hydralisk x3  
  151  10:55  Drone, Spine Crawler x2  
  151  10:56  Drone x4  
  154  10:57  Extractor x2  
  154  10:58  Drone x2  
  154  11:00  Drone  
  155  11:10  Ravager x3  
  158  11:13  Ravager x2  
  158  11:15  Ravager x2  
  158  11:16  Drone x2  
  158  11:17  Drone x2  
  166  11:21  Roach  
  166  11:24  Overlord x3  
  166  11:51  Infestation Pit  
  159  11:54  Hydralisk  
  159  11:55  Hydralisk  
  159  11:59  Lurker  
  159  12:00  Hydralisk x2  
  168  12:01  Drone x2  
  168  12:02  Drone  
  168  12:03  Extractor  
  168  12:05  Extractor  
  169  12:12  Zerg Melee Weapons Level 1  
  169  12:14  Hydralisk x2  
  173  12:18  Hatchery  
  169  12:50  Hydralisk x3  
  169  12:52  Hive  
  169  12:55  Overlord  
  169  12:56  Roach  
  169  12:57  Roach x6  
  166  13:13  Hydralisk x2  
  170  13:20  Roach x8  
  170  13:21  Roach x4  
  170  13:22  Lurker x3  
  195  13:27  Roach x2  
  195  13:31  Spine Crawler  
  195  13:33  Drone, Spine Crawler  
  198  13:45  Roach  
  170  13:52  Roach  
  170  13:53  Roach x7  
  170  13:54  Overseer  
  140  13:59  Roach  
  133  14:06  Roach  
  133  14:07  Roach x2  
  132  14:11  Roach  
  132  14:13  Roach  
  132  14:14  Roach x5  
  132  14:16  Lurker  
  138  14:25  Overseer  
  119  14:33  Roach  
  119  14:34  Roach x5  
  121  14:45  Roach  
  111  14:46  Roach x4  
  119  14:55  Roach  
  119  14:56  Roach  
  123  15:02  Extractor  
  123  15:05  Extractor  
  121  15:30  Roach x12  
  145  15:48  Roach  
  145  15:49  Roach x3  
  155  15:50  Roach  
  155  15:59  Roach x4  
  155  16:01  Hatchery  
  162  16:08  Roach  
  162  16:09  Roach x3  
  166  16:20  Zerg Missile Weapons Level 3  
  148  16:35  Spine Crawler  
  148  16:36  Spine Crawler  
  148  16:37  Spine Crawler  
  148  16:39  Spine Crawler  
  144  16:58  Ravager x5  
  149  17:04  Hatchery  
  149  17:06  Roach  
  149  17:07  Roach x3  
  156  17:12  Drone  
  155  17:42  Roach  
  155  17:43  Roach x14  
  182  18:02  Roach x5  
  182  18:03  Roach x3  
  191  18:28  Hatchery  
  190  18:40  Ravager x3  
  190  18:41  Ravager  
  187  18:57  Spire  
  185  19:08  Ravager x2  
  188  19:18  Hatchery  
  187  19:26  Overseer x2  
  187  19:28  Overseer x2  
  186  19:38  Overlord x2  
  186  19:39  Overlord x3  
  186  19:51  Overlord x3  
  144  20:13  Mutalisk x4  
  121  20:16  Overseer  
  121  20:20  Mutalisk  
  113  20:32  Mutalisk  
  113  20:35  Drone  
  108  20:44  Mutalisk  
  110  20:50  Mutalisk  
  110  20:55  Hatchery  
  111  21:00  Mutalisk  
  111  21:03  Drone x3  
  111  21:04  Drone x2  
  118  21:12  Mutalisk  
Show
View Real Time Build Order
Export as new Build Order

Bop Zerg 

Build Orders: Hatch First, Lurkers 

Get SALT Encoding   

  12  0:00  Drone  
  13  0:12  Overlord  
  13  0:17  Drone  
  14  0:30  Drone  
  14  0:31  Drone  
  14  0:34  Drone  
  17  0:53  Hatchery  
  17  0:57  Drone  
  17  1:00  Drone  
  18  1:11  Extractor  
  17  1:19  Spawning Pool  
  17  1:21  Drone  
  17  1:23  Drone  
  18  1:29  Drone  
  19  1:38  Drone  
  20  1:50  Overlord  
  20  2:05  Queen  
  20  2:06  Queen  
  20  2:08  Zergling x2  
  25  2:11  Metabolic Boost  
  25  2:13  Zergling x2  
  26  2:18  Drone x2  
  28  2:27  Drone  
  28  2:28  Drone  
  30  2:38  Drone  
  30  2:39  Drone  
  30  2:43  Baneling Nest  
  31  2:48  Drone x2  
  33  3:01  Drone x2  
  35  3:09  Drone  
  35  3:10  Lair  
  35  3:11  Overlord  
  36  3:20  Overlord  
  36  3:31  Drone x7  
  43  3:34  Overlord  
  43  3:43  Overlord  
  43  3:47  Extractor x2  
  41  3:49  Drone x7  
  47  3:57  Spine Crawler  
  47  3:58  Drone  
  47  3:59  Drone x2  
  49  4:11  Drone x2, Hydralisk Den  
  50  4:17  Overlord  
  50  4:23  Extractor  
  49  4:26  Lurker Den  
  49  4:28  Drone x3  
  52  4:34  Overlord  
  52  4:37  Zergling x2  
  52  4:38  Zergling x10  
  58  4:46  Burrow  
  58  4:52  Zergling x12  
  64  4:54  Overseer  
  64  4:59  Overlord  
  64  5:02  Queen  
  66  5:14  Hydralisk x5  
  75  5:26  Zergling x8  
  75  5:27  Zergling x4  
  81  5:32  Overseer  
  81  5:33  Overseer  
  80  5:39  Hydralisk x2  
  80  5:41  Overlord x2  
  84  5:59  Lurker x4  
  84  6:02  Zergling x22  
  96  6:11  Zergling x6  
  88  6:17  Zergling x2  
  74  6:21  Overseer  
  74  6:24  Hydralisk x2  
  69  6:42  Hydralisk  
  69  6:43  Hydralisk x8  
  87  6:47  Overlord  
  87  6:51  Overlord  
  87  6:53  Lurker  
  87  6:54  Overlord  
  88  7:02  Overlord  
  88  7:04  Queen  
  90  7:17  Zergling x2  
  90  7:18  Zergling x4  
  88  7:29  Lurker x3  
  89  7:30  Lurker  
  89  7:35  Zergling x6  
  89  7:36  Zergling x10  
  97  7:44  Hatchery  
  91  7:54  Hydralisk x2  
  91  7:58  Zergling x8  
  93  8:05  Overlord  
  93  8:11  Hydralisk x2  
  93  8:12  Hydralisk x4  
  87  8:24  Infestation Pit  
  86  8:27  Zergling x10  
  91  8:38  Evolution Chamber  
  91  8:39  Hydralisk x2  
  87  8:49  Zergling x10  
  87  8:50  Zergling x2  
  80  8:59  Lurker  
  80  9:00  Lurker x2  
  80  9:01  Lurker  
  80  9:02  Lurker  
  82  9:04  Extractor  
  81  9:11  Lurker  
  81  9:12  Drone x5  
  87  9:22  Hydralisk x2  
  91  9:28  Overlord  
  91  9:38  Zergling x14  
  97  9:41  Overlord  
  97  9:57  Hydralisk x2  
  97  9:58  Hydralisk x3  
  98  10:04  Hive  
  99  10:07  Lurker  
  99  10:08  Lurker  
  99  10:11  Extractor  
  98  10:17  Hydralisk x3  
  104  10:29  Zergling x14  
  111  10:39  Overlord  
  104  10:43  Zergling x12  
  109  10:50  Overlord  
  109  10:55  Zerg Melee Weapons Level 1  
  109  11:05  Lurker x5  
  109  11:06  Zergling x8  
  109  11:10  Lurker  
  119  11:12  Extractor  
  118  11:28  Zergling x6  
  118  11:29  Zergling x12  
  127  11:34  Overlord  
  127  11:40  Ultralisk Cavern  
  127  11:42  Overseer  
  126  12:11  Adrenal Glands  
  126  12:21  Overseer  
  126  12:28  Ultralisk x2  
  138  12:31  Ultralisk  
  138  12:44  Lurker  
  138  12:51  Ultralisk  
  133  13:06  Ultralisk, Zergling x8  
  127  13:27  Zergling x18  
  127  13:33  Overlord  
  136  13:42  Zergling x12  
  136  13:45  Queen x3  
  134  13:53  Zergling x6  
  134  13:55  Chitinous Plating  
  128  14:01  Zergling x4  
  129  14:05  Ultralisk, Queen x3  
  102  14:28  Zergling x18  
  105  14:38  Zergling x6  
  73  14:45  Zergling x2  
  73  14:46  Zergling x4  
  73  14:51  Hydralisk x2  
  77  14:53  Queen  
  79  15:04  Hydralisk x4  
  85  15:12  Hydralisk x2  
  89  15:17  Lurker  
  89  15:18  Lurker  
  89  15:20  Zergling x2  
  92  15:27  Hydralisk x4  
  96  15:32  Lurker x2  
  96  15:35  Lurker x2  
  98  15:45  Ultralisk  
  104  15:53  Overseer  
  104  15:54  Lurker  
  104  15:55  Lurker  
  106  16:03  Zergling x6  
  106  16:04  Zergling x6  
  112  16:09  Lurker  
  111  16:36  Ultralisk  
  117  16:41  Hatchery  
  117  16:46  Zergling x14  
  111  17:03  Zergling x6  
  111  17:04  Zergling x8  
  111  17:08  Drone x2  
  118  17:33  Zerg Melee Weapons Level 2  
  110  17:45  Ultralisk  
  106  18:03  Zergling x12  
  106  18:04  Zergling x10  
  117  18:22  Hydralisk x3  
  123  18:28  Drone x2  
  112  19:04  Lurker x3  
  112  19:08  Zergling x12  
  112  19:09  Zergling x8  
  125  19:11  Extractor  
  125  19:12  Extractor  
  112  19:24  Zergling x10  
  112  19:25  Zergling x2  
  112  19:28  Overseer  
  118  19:34  Zergling x6  
  118  19:37  Lurker  
  113  19:53  Zergling x16  
  80  20:08  Ultralisk  
  73  20:14  Zergling x4  
  73  20:15  Zergling x4  
  73  20:25  Zergling x10  
  73  20:47  Viper  
  73  20:48  Hydralisk  
  76  20:55  Zergling x4  
  68  21:07  Hydralisk  
Tags
 
Add a new tag
Caveats
  • Supply blocks, unpowered buildings, or Contaminate may cause inaccurate times.
  • Supply counts are checked every 10 seconds.